 Dungeon Crawl Stone Soup version 0.29-a0-676-ga64570c9d2 (webtiles) character file.

Game seed: 595841178769850099

286 IdlyInterested the Chopper (level 6, 0/44 HPs)
             Began as a Demonspawn Gladiator on June 24, 2022.
             Slain by a quasit (1 damage)
             ... summoned by Eustachio
             ... on level 4 of the Dungeon.
             The game lasted 00:08:58 (3329 turns).

IdlyInterested the Chopper (Demonspawn Gladiator)   Turns: 3329, Time: 00:08:58

Health: 0/44       AC:  7    Str: 15 (16) XL:     6   Next: 8%
Magic:  6/6        EV: 10    Int:  8 (10) God:
Gold:   208        SH:  0    Dex: 13 (14) Spells: 5/5 levels left

rFire   . . .      SeeInvis .   a - +0 war axe (freeze)
rCold   . . .      Faith    .   (no shield)
rNeg    . . .      Spirit   .   p - +0 scale mail
rPois   .          Reflect  .   (helmet restricted)
rElec   .          Harm     .   (no cloak)
rCorr   .          Rampage  .   (no gloves)
Will    .....                   (no boots)
Stlth   ..........              (no amulet)
HPRegen 0.14/turn               (no ring)
MPRegen 0.10/turn               (no ring)

@: no status effects
A: claws 2, sharp scales 1, horns 1, sense surroundings 1
a: no special abilities


You were on level 4 of the Dungeon.
You visited 1 branch of the dungeon, and saw 4 of its levels.

You collected 208 gold pieces.

Inventory:

Hand Weapons
 a - a +0 war axe of freezing (weapon)
 f - a +0 hand axe
 g - a +0 hand axe
 i - a +0 war axe
 j - a +0 hand axe
 k - a +0 hand axe
 m - a +0 flail
 n - a +0 spear
Missiles
 d - 3 throwing nets
 e - 5 javelins
 o - 3 boomerangs (quivered)
Armour
 c - a +1 helmet
 p - a +0 scale mail (worn)
Scrolls
 q - a scroll of amnesia
Potions
 h - a potion of brilliance
 l - a potion of attraction


   Skills:
 - Level 2.0 Fighting
 * Level 4.3 Axes
 - Level 2.0 Throwing
 - Level 1.2 Armour
 - Level 2.6 Dodging
 - Level 1.0 Stealth
 * Level 2.8 Unarmed Combat
 - Level 1.0 Invocations
 - Level 2.0 Evocations


You had 5 spell levels left.
You didn't know any spells.
Your spell library contained the following spells:

 Spells                   Type           Power      Damage    Failure   Level
 Call Canine Familiar     Summ           0%         N/A       99%         3
 Portal Projectile        Hex/Tloc       0%         N/A       99%         3
 Leda's Liquefaction      Hex/Erth       0%         N/A       100%        4


Dungeon Overview and Level Annotations

Branches:
Dungeon (4/15)
 Temple: D:4-7

Altars:
Sif Muna

Shops:
D:2 (

Annotations:
D:4 Eustachio


Innate Abilities, Weirdness & Mutations

You have very sharp fingernails.
You are partially covered in razor-sharp scales. (AC +1, Slay +1)
You have a pair of small horns on your head.
You passively map a small area around you.


Message History

Eustachio growls, "To hell with you, honourless miscreant!"
Eustachio casts a spell.
The white imp closely misses you.
The ufetubus hits you but does no damage.
The ufetubus completely misses you. Eustachio hits you with a +5 rapier.
You closely miss Eustachio.
Eustachio is lightly wounded.
You barely miss the white imp. You barely miss the ufetubus.
The ufetubus disappears in a puff of smoke!
The white imp hits you but does no damage.
Eustachio hits you with a +5 rapier.
The white imp hits you but does no damage.
You slash Eustachio! You freeze Eustachio.
Eustachio is moderately wounded.
You hit the white imp. Eustachio hits you with a +5 rapier.
The white imp gestures at you. The puff of frost hits you!
Unknown command.
You closely miss Eustachio.
Eustachio is moderately wounded.
You miss the quasit. You barely miss the white imp. You barely miss the quasit.
Eustachio hits you with a +5 rapier!
* * * LOW HITPOINT WARNING * * *
The quasit completely misses you.
The quasit claws you but does no damage.
The quasit barely misses you.
The quasit bites you but does no damage.
The quasit claws you but does no damage.
The quasit closely misses you. The white imp barely misses you.
Eustachio hits you with a +5 rapier!
* * * LOW HITPOINT WARNING * * *
You slash Eustachio! You freeze Eustachio.
Eustachio is severely wounded.
You miss the quasit. You hit the white imp.
You kill the white imp!
The white imp disappears in a puff of smoke!
You hit the quasit. You freeze the quasit. The quasit barely misses you.
The quasit claws you but does no damage.
The quasit barely misses you. The quasit bites you.
You die...

.......(............
,, ,
..................##
..#................# ,
,.....#...#.........#
,....##..##....##..##,
, .... #..###..!#.....
, ... ##.##..........
,,, , ..
#..###........# ,,
,#......@5......
,,..#?...ยง5@...##. ,
,, ,#............. , ,
............#..
,...#........#### ,
...##.......# * , , ..
.......## , #......##*
, ,


You could see Eustachio and 2 quasits.

Vanquished Creatures
  Blork the orc (D:4)
  2 orc wizards (D:3)
  A gnoll (D:2)
  7 adders
  An ufetubus (D:4)
  3 worms
  A dart slug (D:1)
  7 orcs
  4 endoplasms
  3 giant cockroaches
  12 goblins
  6 hobgoblins
  2 jackals (D:3)
  3 quokkas
  6 ball pythons
  6 bats
  3 frilled lizards
  4 kobolds (D:1)
  5 rats
77 creatures vanquished.

Notes
Turn   | Place    | Note
-------+----------+-------------------------------------------
     0 | D:1      | IdlyInterested the Demonspawn Gladiator began the quest for
                  | the Orb.
     0 | D:1      | Reached XP level 1. HP: 16/16 MP: 1/1
    41 | D:1      | Found a faded altar of an unknown god.
   217 | D:1      | Reached skill level 3 in Axes
   217 | D:1      | Reached skill level 1 in Armour
   217 | D:1      | Gained mutation: You are partially covered in razor-sharp
                  | scales. (AC +1, Slay +1) [demonic ancestry]
   217 | D:1      | Reached XP level 2. HP: 22/22 MP: 2/2
   477 | D:1      | Reached skill level 1 in Stealth
   525 | D:1      | Gained mutation: You have sharp fingernails. [demonic
                  | ancestry]
   525 | D:1      | Reached XP level 3. HP: 27/27 MP: 3/3
   813 | D:2      | HP: 1/27 [adder (3)]
   933 | D:2      | Reached skill level 1 in Invocations
  1039 | D:2      | Reached skill level 1 in Unarmed Combat
  1039 | D:2      | Reached XP level 4. HP: 13/33 MP: 4/4
  1280 | D:2      | Found Susy's Antique Weapon Shop.
  1613 | D:2      | Reached skill level 1 in Evocations
  2148 | D:3      | Gained mutation: You have very sharp fingernails. [demonic
                  | ancestry]
  2148 | D:3      | Reached XP level 5. HP: 38/38 MP: 5/5
  2297 | D:3      | Reached skill level 4 in Axes
  2466 | D:3      | Found a shimmering blue altar of Sif Muna.
  2923 | D:3      | Gained mutation: You have a pair of small horns on your
                  | head. [potion of mutation]
  2923 | D:3      | Gained mutation: You passively map a small area around you.
                  | [potion of mutation]
  3010 | D:4      | Noticed Blork the orc
  3025 | D:4      | Killed Blork the orc
  3026 | D:4      | Reached XP level 6. HP: 8/44 MP: 6/6
  3315 | D:4      | Noticed Eustachio
  3328 | D:4      | HP: 1/44 [Eustachio/+5 rapier (7)]
  3329 | D:4      | Slain by a quasit

Illustrated notes

Levels and vault maps discovered:
D:1:      onia_arrival_pentagram, layout_rooms,
          hellmonk_ecumenical_altar_heavens_door, minmay_quantized
D:2:      minmay_evil_eye, layout_basic, serial_shops, nicolae_shop_waterfront
D:3:      layout_basic, lemuel_tele_altar
D:4:      layout_cave_pools, grunt_temple_overflow_opulence, uniq_blork_the_orc,
          uniq_pikel, uniq_eustachio

Skill      XL: |  1  2  3  4  5 |
---------------+----------------+-----
Axes           | 3 4 |  4.3
Armour         | 1 |  1.2
Stealth        | 1 |  1.0
Invocations    | 1 |  1.0
Unarmed Combat | 1 2 |  2.8
Evocations     | 1 2 |  2.0
Throwing       | 2 |  2.0
Fighting       | |  2.0
Dodging        | |  2.6

Action                   |  1- 3 |  4- 6 || total
-------------------------+-------+-------++-------
Melee: War axe           |    79 |   117 ||   196
       Punch             |     1 |     2 ||     3
       Headbutt          |       |     1 ||     1
  Use: Scroll            |     6 |     5 ||    11
       Potion            |     2 |     3 ||     5
 Stab: Invisible         |     1 |       ||     1
       Sleeping          |       |     2 ||     2
Armor: Leather armour    |    37 |    49 ||    86
       Scale mail        |       |    14 ||    14
Dodge: Dodged            |    76 |   129 ||   205

Table legend: (Time is in decaauts)
 A = Elapsed time spent in this place.
 B = Non-inter-level travel time spent in this place.
 C = Inter-level travel time spent in this place.
 D = Time resting spent in this place.
 E = Time spent auto-exploring this place.
 F = Levels seen in this place.
 G = Mean time per level.
                   A        B        C        D        E       F      G
               +--------+--------+--------+--------+--------+-----+--------+
         Total |   3392 |   3270 |    122 |    925 |   1642 |   4 |  848.0 |
       Dungeon |   3392 |   3270 |    122 |    925 |   1642 |   4 |  848.0 |
               +--------+--------+--------+--------+--------+-----+--------+

Top non-repeatable levels by time:
     D:2: 1254 daAuts
     D:3: 1054 daAuts
     D:1: 731 daAuts
     D:4: 351 daAuts
